 Dungeon Crawl Stone Soup version 0.31.0-12-g77e489cdc1 (webtiles) character file.

Game seed: 13624397471639517655

197 monsoonserge the Covert (level 5, -1/28 HPs)
             Began as a Spriggan Delver on Feb 22, 2024.
             Was a Follower of Uskayaw.
             Slain by a bullfrog (5 damage)
             ... on level 7 of the Dungeon.
             The game lasted 00:09:45 (921 turns).

monsoonserge the Covert (Spriggan Delver)            Turns: 921, Time: 00:09:45

Health: -1/28      AC:  2    Str:  5 (8)  XL:     5   Next: 46%
Magic:  14/15      EV: 18    Int: 10 (11) God:    Uskayaw [*.....]
Gold:   44         SH:  0    Dex: 16 (19) Spells: 4/4 levels left

rFire   . . .        j - +0 rapier
rCold   . . .        (no shield)
rNeg    . . .        b - +0 robe
rPois   .            (helmet restricted)
rElec   .            (no cloak)
rCorr   .            (gloves unavailable)
SInv    +            (boots unavailable)
Will    .....        (no amulet)
Stlth   ++++         n - ring of magical power
HPRegen 0.24/turn    (no ring)
MPRegen 0.14/turn

%: no passive effects
@: hasted, very quick
A: very small, no large weapons, unfitting armour, see invisible, speed 3
a: Renounce Religion, Stomp


You were on level 7 of the Dungeon.
You worshipped Uskayaw.
Uskayaw was noncommittal.
You visited 2 branches of the dungeon, and saw 4 of its levels.

You collected 44 gold pieces.

Inventory:

Hand Weapons
 a - a +0 short sword
 j - a +0 rapier (weapon)
Armour
 b - a +0 robe (worn)
 h - a scarf of invisibility
Jewellery
 n - a ring of magical power (left hand)
Wands
 g - a wand of digging (3)
Scrolls
 c - a scroll of fog
 d - 2 scrolls of revelation
 e - a scroll of fear
 k - a scroll of enchant weapon {unknown}
 l - a scroll of amnesia {unknown}
 m - a scroll of brand weapon {unknown}


   Skills:
 + Level 3.2 Fighting
 * Level 4.3 Short Blades
 + Level 3.8 Dodging
 - Level 8.0 Stealth
 * Level 1.2 Invocations


You had 4 spell levels left.
You didn't know any spells.
Your spell library was empty.

Dungeon Overview and Level Annotations

Branches:
Dungeon (7/15)             Temple (1/1) D:6

Altars:
Cheibriados
Fedhas
Hepliaklqana
Makhleb
Nemelex Xobeh
Qazlal
Ru
Sif Muna
Trog
Uskayaw
Vehumet
Wu Jian
Zin


Innate Abilities, Weirdness & Mutations

You are very small and have problems with some larger weapons.
You are too small for most types of armour.
You have supernaturally acute eyesight. (SInv)
You cover ground extremely quickly. (Speed+++)


Message History

HP restored.
Found a ring mail.
Found a war axe.
Found a puce potion.
A sky beast comes into view.
Found a stone staircase leading down.
Found a scroll of revelation.
The sky beast hits you. The sky beast shocks you.
You hit the sky beast.
The sky beast is moderately wounded.
The sky beast hits you. The sky beast shocks you.
You can now stomp with the beat.
You stomp with the beat, sending a shockwave through the revellers around you!
The sky beast is moderately wounded.
You can no longer stomp with the beat.
The sky beast completely misses you.
You hit the sky beast but do no damage.
The sky beast is moderately wounded.
The sky beast hits you. The sky beast shocks you.
* * * LOW HITPOINT WARNING * * *
Unknown command.
Found 10 gold pieces.
A bullfrog comes into view.
Found a puce potion.
An ogre comes into view. It is wielding a +0 giant spiked club.
The bullfrog gives a loud, deep croak!
The bullfrog attacks as it pursues you! The bullfrog hits you.
* * * LOW HITPOINT WARNING * * *
You closely miss the bullfrog. The bullfrog barely misses you. x2
You puncture the bullfrog!
The bullfrog is moderately wounded.
The bullfrog hits you.
* * * LOW HITPOINT WARNING * * *
You can now stomp with the beat.
It was a potion of degeneration.
There was something very wrong with that liquid.
You feel weakened.
You feel dopey.
You feel clumsy. The bullfrog barely misses you. x2
You feel yourself speed up. The bullfrog hits you.
You die...

#.# #.# #.#
#.# #.# #.#
##.## #.#.
#.# #...##.#
# ### #.#
#.#....## #..
#.#
##.#.##.###.#
##.####.#.#
## ##.# ##@#
#.F# #.## #.#
#$..# ....!..
###...#.#
##.#....
........


You could see a bullfrog.

Vanquished Creatures
  A phantom (D:6)
  2 bombardier beetles
  A hound (D:6)
  2 adders (D:6)
  A ribbon worm (D:5)
7 creatures vanquished.

Notes
Turn   | Place    | Note
-------+----------+-------------------------------------------
     0 | D:5      | monsoonserge the Spriggan Delver began the quest for the
                  | Orb.
     0 | D:5      | Reached XP level 1. HP: 11/11 MP: 2/2
     1 | D:5      | Noticed a bombardier beetle
    11 | D:5      | Killed a bombardier beetle
    12 | D:5      | Reached skill level 8 in Stealth
    12 | D:5      | Reached XP level 2. HP: 16/16 MP: 3/3
    12 | D:5      | Reached XP level 3. HP: 19/19 MP: 4/4
    26 | D:5      | Noticed a scorpion
    90 | D:6      | Reached XP level 4. HP: 14/23 MP: 5/5
   295 | D:6      | Noticed an ogre
   320 | D:6      | Found a hide-covered altar of Uskayaw.
   320 | D:6      | Noticed a +0 dagger
   320 | D:6      | Noticed a phantom
   321 | D:6      | Noticed a +0 short sword
   322 | D:6      | Noticed a +0 short sword
   322 | D:6      | Noticed a +0 falchion
   323 | D:6      | Noticed a +0 spear
   324 | D:6      | Became a worshipper of Uskayaw the Reveller
   324 | D:6      | Noticed a +0 spear
   335 | D:6      | Reached * piety under Uskayaw
   357 | D:6      | Killed a phantom
   358 | D:6      | Reached skill level 1 in Invocations
   358 | D:6      | Reached XP level 5. HP: 22/28 MP: 3/6
   420 | D:6      | Noticed a +0 falchion
   421 | D:6      | Noticed a +0 dagger
   580 | D:6      | Found a staircase to the Ecumenical Temple.
   591 | Temple   | Entered the Ecumenical Temple
   776 | D:5      | You fall into a shaft and drop 2 floors!
   883 | D:7      | Noticed a sky beast
   914 | D:7      | Noticed an ogre
   921 | D:7      | Slain by a bullfrog

Illustrated notes

Levels and vault maps discovered:
D:5:      layout_rooms, ashenzari_altar_1, uniq_edmund
D:6:      layout_loops_ring, nicolae_uskayaw_en_pointe, xom_teletrap_fun,
          minmay_temple_entry_mist, amcnicky_mini_corridor_feature
D:7:      layout_loops_ring, tgw_kikubaaqudgha
Temple:   nicolae_temple_hex_pool

Skill      XL: |  1  2  3  4 |
---------------+-------------+-----
Stealth        | 8 |  8.0
Short Blades   | 3 4 |  4.3
Dodging        | 3 |  3.8
Fighting       | 3 |  3.2
Invocations    | 1 |  1.2

Action                     |  1- 3 |  4- 6 || total
---------------------------+-------+-------++-------
  Melee: Short sword       |    24 |    24 ||    48
         Rapier            |       |    42 ||    42
         Punch             |       |     2 ||     2
 Invoke: Stomp             |       |     9 ||     9
    Use: Potion            |       |     3 ||     3
   Stab: Sleeping          |     2 |     2 ||     4
         Distracted        |       |     1 ||     1
 Armour: Robe              |    10 |    29 ||    39
  Dodge: Dodged            |    16 |    54 ||    70
